[Event "Bangabandhu Premier Div League 2023-24"]
[Site "Dhaka"]
[Date "2024.02.11"]
[Round "11.5"]
[White "Alekhya Mukhopadhyay"]
[Black "Hossain, Enamul"]
[Result "1-0"]
[ECO "A65"]
[WhiteElo "2184"]
[BlackElo "2372"]
[Annotator "RC"]
[PlyCount "195"]
[EventDate "2024.02.01"]
[EventCountry "BAN"]
[SourceTitle "playchess.com"]
[Source "ChessBase"]
[SourceQuality "1"]
[TimeControl "40/5400+30:1800+30"]

1. d4 Nf6 2. Bg5 c5 3. d5 Ne4 4. Bc1 d6 5. f3 Nf6 6. c4 g6 7. Nc3 Bg7 8. e4 O-O 9. Nge2 e6 10. Bg5 h6 11. Be3 exd5 12. cxd5 Nbd7 13. Qd2 Ne5 14. Ng3 h5 15. Be2 h4 16. Nf1 a6 17. a4 Nh7 18. h3 f5 19. Nh2 Qf6 20. f4 Nf7 21. Bd3 Re8 22. exf5 Bxf5 23. O-O-O b5 24. Ng4 Qd8 25. Rhe1 Qa5 26. Qc2 bxa4 27. Nb1 Reb8 28. Bd2 Bxd3 29. Qxd3 Qb6 30. Bc3 Bxc3 31. Qxc3 Qb4 32. Re6 Qxc3+ 33. Nxc3 Nf8 34. Re4 Rb4 35. Rxb4 cxb4 36. Nxa4 Rc8+ 37. Kd2 Rc4 38. Ke3 a5 39. Rd4 Rc1 40. Nb6 Kg7 41. b3 Rb1 42. Rd3 Rb2 43. Kf3 Nh7 44. Ne3 Nf6 45. Nec4 Rb1 46. Nc8 Rf1+ 47. Ke3 Re1+ 48. Kf2 Re4 49. Kf3 g5 50. fxg5 Nxg5+ 51. Kf2 Rf4+ 52. Ke3 Re4+ 53. Kd2 Re8 54. N8xd6 Nge4+ 55. Nxe4 Nxe4+ 56. Kc2 Nc5 57. Rd2 a4 58. bxa4 Re4 59. Nb6 b3+ 60. Kb2 Rb4 61. a5 Rb5 62. Nc4 Na4+ 63. Ka3 b2 64. Nxb2 Nxb2 65. Rd4 Kf6 66. d6 Nc4+ 67. Rxc4 Rxa5+ 68. Kb4 Rd5 69. Rxh4 Kg5 70. Kc4 Rxd6 71. Rd4 Ra6 72. Rg4+ Kh5 73. Kd3 Re6 74. Kd2 Re8 75. Rg3 Kh4 76. Rg4+ Kh5 77. g3 Ra8 78. Re4 Ra3 79. Re5+ Kg6 80. Re3 Ra2+ 81. Ke1 Rh2 82. h4 Kf5 83. Re2 Rh1+ 84. Kf2 Ra1 85. Kg2 Kg4 86. Re4+ Kh5 87. Re5+ Kg6 88. Kh3 Ra4 89. Rb5 Rc4 90. Rb6+ Kg7 91. h5 Rd4 92. g4 Rc4 93. Kh4 Ra4 94. h6+ Kh7 95. Kh5 Ra1 96. Rb7+ Kg8 97. g5 Ra6 98. Rb8+ 1-0

[Event "Bangabandhu Premier Div League 2023-24"]
[Site "Dhaka"]
[Date "2024.02.11"]
[Round "11.5"]
[White "Nasim Hossain, Bhuiyan"]
[Black "Islam, M.M. Zahirul"]
[Result "0-1"]
[ECO "D05"]
[WhiteElo "1812"]
[BlackElo "1876"]
[Annotator "NA RC"]
[PlyCount "130"]
[EventDate "2024.02.01"]
[EventCountry "BAN"]
[SourceTitle "playchess.com"]
[Source "ChessBase"]
[SourceQuality "1"]
[TimeControl "40/5400+30:1800+30"]

1. d4 d5 2. Nf3 Nf6 3. e3 c6 4. Bd3 e6 5. O-O Nbd7 6. b3 g6 7. Bb2 Bg7 8. Nbd2 O-O 9. Qe2 Re8 10. Ne5 Nxe5 11. dxe5 Nd7 12. f4 b6 13. c4 Ba6 14. Rac1 Rc8 15. Rfd1 Qe7 16. Nf3 Red8 17. e4 dxc4 18. Bxc4 Bxc4 19. Qxc4 Qc5+ 20. Bd4 Qxc4 21. bxc4 c5 22. Bc3 Nb8 23. Kf2 Nc6 24. a3 Rxd1 25. Rxd1 Rd8 26. Ke2 Rxd1 27. Kxd1 h6 28. h4 Kf8 29. g4 a6 30. Kc2 b5 31. Nd2 Ke8 32. cxb5 axb5 33. Nf3 Bf8 34. f5 Bg7 35. f6 Bf8 36. Bd2 Kd7 37. Kb2 Nb8 38. h5 gxh5 39. gxh5 Nc6 40. Bf4 Na5 41. Nh2 Ke8 42. Ng4 Nc6 43. Kc3 b4+ 44. axb4 cxb4+ 45. Kc2 Nd4+ 46. Kb2 Ne2 47. Bh2 Nd4 48. Ne3 Ne2 49. Kc2 Bc5 50. Ng4 Bf8 51. Kb2 Kd7 52. Ne3 Nc3 53. Ng4 Ne2 54. Nf2 Kc6 55. Nd3 Kb5 56. Kb3 Nd4+ 57. Kb2 Kc4 58. Nf4 Nf3 59. Ng6 Bc5 60. Bf4 Bd4+ 61. Kb1 b3 62. Bxh6 b2 63. Bf4 Kb3 64. h6 Ne1 65. Bc1 Nc2 0-1

[Event "Bangabandhu Premier Div League 2023-24"]
[Site "Dhaka"]
[Date "2024.02.11"]
[Round "11.6"]
[White "Chigaev, Maksim"]
[Black "Ankit Ray"]
[Result "1-0"]
[ECO "B40"]
[WhiteElo "2622"]
[BlackElo "1912"]
[Annotator "TA"]
[PlyCount "81"]
[EventDate "2024.02.01"]
[EventCountry "BAN"]
[SourceTitle "playchess.com"]
[Source "ChessBase"]
[SourceQuality "1"]
[TimeControl "40/5400+30:1800+30"]

1. e4 c5 2. Nf3 e6 3. g3 d5 4. exd5 exd5 5. d4 Nc6 6. Bg2 Bg4 7. O-O Nf6 8. Qd3 {[%emt 0:22:04] White is slightly better.} Bxf3 9. Bxf3 Nxd4 10. Bg2 Be7 11. Nc3 O-O 12. Bg5 Nc6 13. Bxf6 Bxf6 14. Nxd5 Nb4 15. Nxf6+ $1 Qxf6 16. Qb3 Rab8 17. Rad1 Nc6 18. c3 Qe7 (18... Ne5 $14) 19. Rfe1 $16 Qc7 {[%emt 0:00:00] Black is weak on the light squares} 20. Qb5 Qb6 21. Qxb6 axb6 22. Rd7 g6 23. Kf1 Rfd8 24. Red1 {[%emt 0:00:00] [#] Strongly threatening Bxc6. White has more active pieces.} Rxd7 25. Rxd7 Ne5 (25... Kf8 $16 26. Bxc6 bxc6) 26. Rxb7 $18 Rxb7 27. Bxb7 {[%emt 0:00:00][%mdl 4096] Endgame. KB-KN} Nd3 (27... Kf8 {was necessary.} 28. b4 cxb4) 28. Ke2 (28. b3 Nc1 $16) 28... Nxb2 29. Ba6 {[%emt 0:05:30] Against Nc4. Hoping for c4.} c4 30. f4 h6 31. Ke3 g5 32. fxg5 {[%emt 0:00:00] White is clearly winning.} (32. Kd4 Kf8 33. Bxc4 (33. fxg5 hxg5 34. Bxc4 Nd1 $18) 33... gxf4 34. gxf4 h5) 32... hxg5 33. Kd4 Kg7 34. g4 ({Don't take} 34. Bxc4 f5 35. Bb3 Kf6 $18) 34... Na4 (34... Nd1 $142 35. Bxc4 Kf6) 35. Bxc4 Nc5 36. Bd5 Kg6 37. Bb3 {[%emt 0:04:00] [#] Kd5 is the strong threat.} Kf6 38. Kd5 Ke7 39. Kc6 Nd7 40. h3 f6 41. Kc7 {[%emt 0:10:54] Weighted Error Value: White=0.05 (flawless) /Black=0.26 (precise) .  Mistake:       	---       	Black=4      Inaccurate:     	White=2     	Black=6      OK:         	White=18    	Black=9      Best:        	White=3     	---        Strong:       	White=1     	---} 1-0

[Event "Bangabandhu Premier Div League 2023-24"]
[Site "Dhaka"]
[Date "2024.02.11"]
[Round "11.6"]
[White "Rahman, Syed Mahfuzur"]
[Black "Mrittika Mallick"]
[Result "1/2-1/2"]
[ECO "D31"]
[WhiteElo "2087"]
[BlackElo "1859"]
[Annotator "NA RC"]
[PlyCount "67"]
[EventDate "2024.02.01"]
[EventCountry "BAN"]
[SourceTitle "playchess.com"]
[Source "ChessBase"]
[SourceQuality "1"]
[TimeControl "40/5400+30:1800+30"]

1. c4 c6 2. e4 e6 3. Nc3 d5 4. d4 dxe4 5. Nxe4 Bb4+ 6. Bd2 Bxd2+ 7. Qxd2 Nf6 8. Nxf6+ Qxf6 9. Nf3 O-O 10. Bd3 Nd7 11. O-O c5 12. Qe3 cxd4 13. Qxd4 Qxd4 14. Nxd4 Nc5 15. Be2 a5 16. Rfd1 e5 17. Nb5 Be6 18. b3 Rad8 19. Kf1 f5 20. Ke1 f4 21. Rxd8 Rxd8 22. Rd1 Rxd1+ 23. Kxd1 Bf5 24. f3 Kf8 25. Kd2 Ke7 26. Bd1 g5 27. a3 Bg6 28. b4 axb4 29. axb4 Nd3 30. Bc2 Nxb4 31. Bxg6 hxg6 32. Nc3 Nc6 33. Ne4 Nd4 34. Nxg5 1/2-1/2

[Event "Bangabandhu Premier Div League 2023-24"]
[Site "Dhaka"]
[Date "2024.02.11"]
[Round "11.7"]
[White "Tanvir, Alam"]
[Black "Mihir Lal, Das"]
[Result "0-1"]
[ECO "D85"]
[WhiteElo "1836"]
[BlackElo "1936"]
[Annotator "NA RC"]
[PlyCount "86"]
[EventDate "2024.02.01"]
[EventCountry "BAN"]
[SourceTitle "playchess.com"]
[Source "ChessBase"]
[SourceQuality "1"]
[TimeControl "40/5400+30:1800+30"]

1. d4 Nf6 2. c4 g6 3. Nc3 d5 4. cxd5 Nxd5 5. e4 Nxc3 6. bxc3 Bg7 7. Nf3 c5 8. Bb5+ Nc6 9. O-O O-O 10. Be3 cxd4 11. cxd4 Bd7 12. h3 Nxd4 13. Bxd7 Nxf3+ 14. gxf3 Bxa1 15. Qxa1 Qxd7 16. Bh6 f6 17. Bxf8 Kxf8 18. Kg2 Qd2 19. Rd1 Qg5+ 20. Kh1 Rc8 21. Qb1 b6 22. Qb3 Kg7 23. Qe6 Rc7 24. a4 Qe5 25. Qa2 Qf4 26. Kg2 Qg5+ 27. Kf1 Qc5 28. Rd5 Qc4+ 29. Qxc4 Rxc4 30. a5 Rc5 31. Rxc5 bxc5 32. Ke2 Kf7 33. Kd3 Ke6 34. Kc4 Kd6 35. f4 e5 36. f5 g5 37. Kb3 Kc6 38. Kc4 a6 39. f3 h6 40. Kd3 Kb5 41. Kc3 c4 42. h4 Kc5 43. h5 Kb5 0-1

[Event "Bangabandhu Premier Div League 2023-24"]
[Site "Dhaka"]
[Date "2024.02.11"]
[Round "11.7"]
[White "Tashriq Saihan, Shan"]
[Black "Iniyan, Pa"]
[Result "1/2-1/2"]
[ECO "B96"]
[WhiteElo "1772"]
[BlackElo "2515"]
[Annotator "TA"]
[PlyCount "60"]
[EventDate "2024.02.01"]
[EventCountry "BAN"]
[SourceTitle "playchess.com"]
[Source "ChessBase"]
[SourceQuality "1"]
[TimeControl "40/5400+30:1800+30"]

1. e4 c5 2. Nf3 d6 3. d4 cxd4 4. Nxd4 Nf6 5. Nc3 a6 6. Bg5 e6 7. f4 Qc7 8. Bxf6 gxf6 9. Qd3 {White is more active.} b5 10. O-O-O Nd7 11. Qh3 {[%emt 0:04:02] White is slightly better.} Nb6 12. Bd3 b4 13. Nce2 h5 14. Kb1 Bd7 15. Rhe1 Na4 16. Qf3 Nb6 (16... Qb6 $142) 17. Ng3 $16 h4 18. Nh5 Rh6 {[%emt 0:00:30] [#]} 19. e5 fxe5 $11 20. fxe5 dxe5 21. Nf6+ Rxf6 $1 22. Qxf6 {[%emt 0:00:00][%cal Od3g6] White threatens Bg6! and mate.} exd4 23. Rf1 Bb5 {[%emt 0:00:30] ...Bxd3 would now be deadly.} (23... Qxh2 24. Qxf7+ Kd8 25. Qxf8+ Kc7 26. Qc5+ (26. Qxb4 Qe5 $18) 26... Bc6 27. Rf7+ (27. Qxb4 Qd6 $18) (27. Qxd4 Rd8 $18) 27... Nd7 28. Rxd7+ (28. Qxb4 Qd6 $18) 28... Kxd7 29. Rf1 $18 (29. Qxd4+ Kc7 $18) (29. Qxb4 Qd6 $16) (29. Qxd4+ Kc7 $18) (29. Qxb4 Qd6 $14)) 24. Bg6 {[%emt 0:02:30][%cal Rg6f7] Chess con chili.} Qe7 (24... Qxh2 25. Qxe6+ (25. Bxf7+ Kd7 $18) (25. Rxd4 Bd6 $18) 25... Kd8 26. Qxb6+ Qc7 27. Rxd4+ Bd7 28. Rxd7+ Kxd7 29. Bf5+ (29. Rxf7+ Be7 30. Rxe7+ Kxe7 31. Qxc7+ Kf6 32. Qf7+ Ke5 33. Qe7+ Kd4 34. Qe4+ Kc5 $18) 29... Kd8 30. Rd1+) 25. Bxf7+ Kd7 26. Qxd4+ (26. Rxd4+ Nd5 27. Qxe7+ Kxe7 $19) 26... Kc7 {[%emt 0:00:00][%cal Oe6e5] ...e5! is the strong threat.} 27. Qe5+ {[%emt 0:00:00][%mdl 1024] White has compensation.} Kb7 28. Qe4+ {[%emt 0:00:00] [#]} (28. Rf4 $11 {keeps the balance.}) 28... Kc7 (28... Ka7 $1 $17 29. Rf2 Qc5) 29. Qe5+ Kb7 30. Qe4+ ({White should try} 30. Rf4 $11) 30... Kc7 {[%emt 0:01:30] Weighted Error Value: White=0.26 (precise) /Black=0.14 (very precise) .  Mistake:       	White=3     	Black=3      Inaccurate:     	White=2     	Black=3      OK:         	White=10    	Black=4      Best:        	White=1     	Black=4      Strong:       	---       	Black=1} (30... Ka7 $1 $15 31. Rf2 Qc5) 1/2-1/2

[Event "Bangabandhu Premier Div League 2023-24"]
[Site "Dhaka"]
[Date "2024.02.11"]
[Round "11.8"]
[White "Anata, Choudhury"]
[Black "Muhimenul, Islam"]
[Result "1-0"]
[ECO "B33"]
[WhiteElo "2196"]
[BlackElo "1970"]
[Annotator "NA RC"]
[PlyCount "55"]
[EventDate "2024.02.01"]
[EventCountry "BAN"]
[SourceTitle "playchess.com"]
[Source "ChessBase"]
[SourceQuality "1"]
[TimeControl "40/5400+30:1800+30"]

1. e4 c5 2. Nf3 Nc6 3. d4 cxd4 4. Nxd4 Nf6 5. Nc3 e5 6. Ndb5 d6 7. a4 Be7 8. Bg5 a6 9. Na3 O-O 10. Bxf6 Bxf6 11. Nc4 Be7 12. Nd5 f5 13. Ncb6 Rb8 14. Bd3 Nb4 15. Nxc8 Nxd3+ 16. Qxd3 Rxc8 17. exf5 Bf6 18. O-O Rc6 19. c3 Qd7 20. f4 Kh8 21. Rad1 Rd8 22. g4 exf4 23. Nxf4 Be5 24. Ng6+ hxg6 25. Qh3+ Kg8 26. fxg6 Bf6 27. Qh7+ Kf8 28. Rxf6+ 1-0

[Event "Bangabandhu Premier Div League 2023-24"]
[Site "Dhaka"]
[Date "2024.02.11"]
[Round "11.9"]
[White "Pranav Vijay"]
[Black "Zia, Tahsin Tajwar"]
[Result "1-0"]
[ECO "B12"]
[WhiteElo "2252"]
[BlackElo "2275"]
[Annotator "NA RC"]
[PlyCount "57"]
[EventDate "2024.02.01"]
[EventCountry "BAN"]
[SourceTitle "playchess.com"]
[Source "ChessBase"]
[SourceQuality "1"]
[TimeControl "40/5400+30:1800+30"]

1. e4 c6 2. d4 d5 3. e5 Bf5 4. Nf3 e6 5. Be2 Nd7 6. O-O a5 7. a4 f6 8. Nbd2 fxe5 9. dxe5 Bc5 10. Nb3 Ba7 11. Bd2 Ne7 12. Bxa5 Qb8 13. Bc3 O-O 14. Nbd4 Bxd4 15. Nxd4 c5 16. Nxf5 Nxf5 17. g4 Ne7 18. f4 Qc7 19. Bb5 d4 20. Bd2 Nd5 21. Qe2 Rac8 22. Qe4 c4 23. Qxd4 c3 24. Bxc3 Nxc3 25. bxc3 Nb6 26. Qd6 Kh8 27. Qxc7 Rxc7 28. f5 exf5 29. Rxf5 1-0

[Event "Bangabandhu Premier Div League 2023-24"]
[Site "Dhaka"]
[Date "2024.02.11"]
[Round "11.10"]
[White "Mohammad Fahad, Rahman"]
[Black "Murshed, Niaz"]
[Result "1-0"]
[ECO "B38"]
[WhiteElo "2418"]
[BlackElo "2363"]
[Annotator "TA"]
[PlyCount "83"]
[EventDate "2024.02.01"]
[EventCountry "BAN"]
[SourceTitle "playchess.com"]
[Source "ChessBase"]
[SourceQuality "1"]
[TimeControl "40/5400+30:1800+30"]

1. e4 c5 2. Nf3 Nc6 3. d4 cxd4 4. Nxd4 g6 5. c4 Bg7 6. Be3 Nf6 7. Nc3 O-O 8. Be2 d6 9. O-O Bd7 10. Qd2 Nxd4 11. Bxd4 Bc6 12. Rfd1 ({White should try} 12. f3 $14) 12... Nd7 (12... e5 $11 {remains equal.} 13. Be3 Nxe4 14. Nxe4 Bxe4) 13. Bxg7 $16 Kxg7 {[%emt 0:00:00] White is better.} 14. b4 {[%emt 0:00:22] b5 would now be deadly.} b6 15. f4 f6 16. Bg4 a5 17. a3 axb4 18. axb4 Rxa1 19. Rxa1 Qc7 {[%emt 0:01:30] Repels Ra7} 20. h3 {[%emt 0:00:00] White is much more active.} f5 21. exf5 gxf5 22. Be2 Nf6 23. Bd3 e6 24. Qe3 Kf7 25. Re1 $36 {[%emt 0:00:00][%cal Ba1e1,Be1e2,Be2d2][%mdl 2080] Black is under pressure.} Re8 26. Re2 Bd7 27. Rd2 (27. g4 {keeps more tension.} Bc6 28. g5 Nh5 29. h4) 27... d5 28. Qd4 (28. Be2 $14) 28... Rc8 29. Be2 dxc4 30. g4 h6 (30... fxg4 $1 $11 31. hxg4 h6) 31. gxf5 Qc6 $2 {[%emt 0:03:00] [#] Inhibits Bf3.} (31... exf5 $16 {keeps fighting.} 32. Qe5 Qxe5 33. fxe5 Be6) 32. Kf2 $1 $18 Qh1 {[%emt 0:00:00] [#]} 33. Bh5+ $1 Kg7 {[%emt 0:00:00] [#]} 34. Bf3 {[%emt 0:01:30] Prevents Bc6.} Qh2+ 35. Bg2 {[%emt 0:00:00] Strongly threatening Kf1.} Kf7 $2 (35... exf5 $2 36. Nd5 (36. Qxb6 $2 Qxf4+ 37. Ke2 Qg3 $19) 36... Rg8 37. Nxf6 $18) (35... Re8) 36. Ne4 (36. Qxb6 Qxf4+ (36... exf5 37. Qd4 $11) 37. Ke2 Qxf5 $11 (37... exf5 $2 38. Qxf6+ Kxf6 39. Nd5+ Kg5 40. Nxf4 $18)) 36... Qxf4+ 37. Kg1 e5 38. Qxb6 (38. Nd6+ Kg7 39. Qxf4 (39. Qxb6 $2 Qxd2 40. Nxc8 c3 $19) 39... exf4 40. Nxc8 Bxc8 $18) 38... Bc6 39. Nd6+ $2 (39. Rf2 $18 Qc1+ 40. Rf1) 39... Kg7 $2 (39... Kf8 $11 40. Qa7 (40. Nxc8 Qxd2 41. Qc5+ Kg7 $11) 40... Nd7 41. Bxc6 (41. Nxc8 Qxd2 42. Bxc6 c3 $11) 41... Qxd2 42. Qxd7 (42. Nxc8 c3 $11) 42... Qc1+ 43. Kg2 Qd2+ 44. Kf3 Qd1+ 45. Kg3 Qe1+ 46. Kh2 Qf2+ 47. Bg2 Qf4+ 48. Kg1 Qe3+ 49. Kf1 Qd3+ 50. Ke1 Qg3+ 51. Kf1 Qd3+ 52. Kf2 Qd2+ 53. Kf3 e4+ 54. Kg3 (54. Kxe4 Qxg2+ 55. Ke5 Qg3+ 56. Ke6 Qe3+ 57. Kd5 Qd2+ 58. Ke6 Qe3+ 59. Kf6 Qg5+ 60. Ke6 Qe3+ $11) 54... Qe3+ 55. Kh2 Qf4+ 56. Kg1 Qe3+ 57. Kh2 Qf4+ 58. Kg1 Qe3+ 59. Kf1 Qd3+ 60. Ke1 Qg3+ 61. Ke2 Qd3+ (61... Qxg2+ 62. Ke3 $11) 62. Kf2 Qd2+ 63. Kf1 Qd1+ 64. Kf2 Qd4+ 65. Kg3 Qe3+ 66. Kh2) 40. Rf2 {[%emt 0:02:11] White is clearly winning.} ({Weaker is} 40. Nxc8 Qxd2 41. Bxc6 (41. Qxc6 Qe3+ 42. Kf1 Qd3+ 43. Kg1 Qe3+ 44. Kh2 Qf4+ 45. Kg1 Qe3+ $11) 41... c3 42. Qa7+ (42. Qc7+ Kh8 $11) 42... Kh8 $11) 40... Qc1+ 41. Kh2 Nd7 42. Qa7 {[%emt 0:04:56] Weighted Error Value: White=0.27 (precise) /Black=0.35.  Mistake:       	White=2     	Black=4      Inaccurate:     	White=1     	Black=1      OK:         	White=10    	Black=11     Best:        	White=3     	Black=2      Strong:       	White=1     	---        Brilliant:      	White=1     	---} ({Worse is} 42. Qa6 Bxg2 43. Rxg2+ (43. Qxc8 $2 {is a self mate.} Qh1+ 44. Kg3 Qxh3#) 43... Kh7 $11) 1-0

[Event "Bangabandhu Premier Div League 2023-24"]
[Site "Dhaka"]
[Date "2024.02.11"]
[Round "11.11"]
[White "Narayanan, Srinath"]
[Black "Puranik, Abhimanyu"]
[Result "1/2-1/2"]
[ECO "E51"]
[WhiteElo "2552"]
[BlackElo "2645"]
[Annotator "TA"]
[PlyCount "77"]
[EventDate "2024.02.01"]
[EventCountry "BAN"]
[SourceTitle "playchess.com"]
[Source "ChessBase"]
[SourceQuality "1"]
[TimeControl "40/5400+30:1800+30"]

1. d4 Nf6 2. c4 e6 3. Nf3 d5 4. Nc3 Bb4 5. e3 O-O 6. Bd2 b6 7. Rc1 a5 8. cxd5 exd5 9. Ne5 c5 10. dxc5 Re8 (10... Bxc5 11. Be2 $11) 11. Nf3 d4 ({Of course not} 11... Bxc5 12. Na4 $11) 12. Nb5 {[%emt 0:02:30] [#] Strongly threatening Bxb4.} bxc5 13. Bxb4 axb4 14. Bc4 Be6 15. Bxe6 Rxe6 16. O-O Qb6 (16... Rxa2 17. exd4 (17. Rxc5 Nbd7 $11) 17... Qd7 18. Rxc5 $18) 17. Nfxd4 Re8 18. Nf5 Qxb5 19. Nd6 Qc6 20. Nxe8 Nxe8 21. Qb3 Na6 22. Rfd1 Rc8 23. Qc4 Nd6 24. Qd3 Nb7 25. h4 h6 26. Qf5 Re8 27. Qd3 (27. Qd7 $11 Rc8 28. Qf5) 27... Nc7 (27... Re6 $17) 28. a3 bxa3 $1 29. Qxa3 Ne6 30. Qd3 Qb6 31. Rd2 Qb4 {[%emt 0:00:00][%cal Oe8d8] [#] And now ...Rd8! would win.} 32. Rc4 $1 Qa5 {[%emt 0:00:00] White must now prevent ...Rd8.} 33. Qc2 Ra8 34. Rd1 Qc7 35. Rc3 Qe7 (35... Nd6 $15) 36. g3 Rd8 37. Rxd8+ {[%emt 0:00:16] The position is equal.} Nbxd8 38. Qe4 h5 39. b4 {[%emt 0:01:10] Weighted Error Value: White=0.12 (very precise) /Black=0.12 (very precise) .  Mistake:       	White=1     	Black=2      Inaccurate:     	White=6     	Black=4      OK:         	White=11    	Black=8      Best:        	White=2     	---        Strong:       	White=1     	Black=1} 1/2-1/2

[Event "Bangabandhu Premier Div League 2023-24"]
[Site "Dhaka"]
[Date "2024.02.11"]
[Round "11.12"]
[White "Ter-Sahakyan, Samvel"]
[Black "Nayem, Haque"]
[Result "1-0"]
[ECO "E01"]
[WhiteElo "2649"]
[BlackElo "2092"]
[Annotator "TA"]
[PlyCount "51"]
[EventDate "2024.02.01"]
[EventCountry "BAN"]
[SourceTitle "playchess.com"]
[Source "ChessBase"]
[SourceQuality "1"]
[TimeControl "40/5400+30:1800+30"]

1. d4 d5 2. c4 c6 3. Nf3 Nf6 4. Qc2 e6 5. g3 Bb4+ 6. Nbd2 Nbd7 7. Bg2 O-O 8. O-O a5 9. e4 Bxd2 {[%emt 0:00:00] White is slightly better.} 10. Nxd2 dxe4 11. Nxe4 Nxe4 12. Qxe4 c5 13. Be3 {[%emt 0:01:43][%cal Bc1e3,Be3d2,Bd2c3][%mdl 32] White is much more active.} a4 (13... Qc7 $16 {was called for.}) 14. dxc5 $18 Qa5 15. Qd4 Nb8 {[%emt 0:00:00] Black is weak on the dark squares} 16. Bd2 e5 17. Qd6 (17. Qxe5 $2 {is the wrong capture.} Qxd2 18. Rad1 Qa5 $19) 17... Qa6 18. Qxa6 Rxa6 19. b4 a3 20. Bc3 f6 (20... Ra4 $142 21. Rfd1 (21. Bxe5 Nc6 $18) 21... Nc6) 21. Bd5+ {[%emt 0:00:11] This pair of bishops is nice.} Kh8 $2 {[%emt 0:00:00] [#]} (21... Be6 {was necessary.} 22. Rad1 (22. Bxb7 Bxc4 23. Bxa6 Bxa6 $18) 22... Bxd5) 22. f4 {[%emt 0:00:13] White is clearly winning.} exf4 23. Rxf4 (23. b5 Re6 24. Bxe6 (24. Rxf4 Re2 $18) 24... Bxe6 25. Rxf4 Bf7) 23... Re8 (23... Ra4 $142 24. Rb1 h6) 24. Re1 Rxe1+ 25. Bxe1 Nd7 26. Bc3 {[%emt 0:00:07] White took control after the opening.   Weighted Error Value: White=0.11 (very precise) /Black=0.49.  Mistake:       	---       	Black=4      Inaccurate:     	White=1     	Black=1      OK:         	White=9     	Black=4} 1-0